 Dungeon Crawl Stone Soup version 0.29-a0-1009-g60c99734e7 (webtiles) character file.

Game seed: 11912880499652889873

182 BritishOli the Trooper (level 5, -2/42 HPs)
             Began as a Demonspawn Fighter on Aug 8, 2022.
             Splashed by a jelly's acid (7 damage)
             ... on level 4 of the Dungeon.
             The game lasted 00:05:48 (3865 turns).

BritishOli the Trooper (Demonspawn Fighter)         Turns: 3865, Time: 00:05:49

Health: -2/42      AC: -1    Str: 18    XL:     5   Next: 35%
Magic:  0/5        EV:  9    Int: 10    God:
Gold:   155        SH:  8    Dex: 12    Spells: 4/4 levels left

rFire   . . .      SeeInvis .   a - +0 long sword
rCold   . . .      Faith    .   c - +0 buckler
rNeg    . . .      Spirit   +   b - +0 scale mail
rPois   .          Reflect  .   (no helmet)
rElec   .          Harm     .   (no cloak)
rCorr   .          Rampage  .   (no gloves)
Will    .....                   (no boots)
Stlth   ..........              n - amulet of guardian spirit
HPRegen 0.14/turn               (no ring)
MPRegen 0.09/turn               (no ring)

@: corroded
A: powered by death 1, condensation shield
a: no special abilities


You were on level 4 of the Dungeon.
You visited 1 branch of the dungeon, and saw 4 of its levels.

You collected 155 gold pieces.

Inventory:

Hand Weapons
 a - a +0 long sword (weapon)
Armour
 b - a +0 scale mail (worn)
 c - a +0 buckler (worn)
Jewellery
 g - an amulet of faith
 n - an amulet of guardian spirit (around neck)
Scrolls
 f - 3 scrolls of teleportation {unknown}
 i - 2 scrolls of poison {unknown}
 k - 2 scrolls of immolation {unknown}
 l - a scroll of enchant armour {unknown}
Potions
 d - 2 potions of might
 e - a potion of magic {unknown}
 h - a potion of ambrosia {unknown}
 j - a potion of invisibility {unknown}
 m - a potion of brilliance {unknown}
 o - a potion of curing {unknown}
 p - 2 potions of mutation {unknown}
 q - a potion of heal wounds {unknown}


   Skills:
 + Level 4.0 Fighting
 + Level 2.9 Long Blades
 + Level 3.6 Armour
 + Level 3.5 Shields


You had 4 spell levels left.
You didn't know any spells.
Your spell library contained the following spells:

 Spells                   Type           Power      Damage    Failure   Level
 Searing Ray              Conj           0%         2d4       93%         2
 Static Discharge         Conj/Air       0%         3-3/arc   93%         2
 Spider Form              Tmut/Pois      0%         N/A       99%         3
 Fulminant Prism          Conj/Hex       0%         3d6       100%        4
 Iskenderun's Mystic Bla  Conj/Tloc      0%         2d3       100%        4
 Ozocubu's Refrigeration  Ice            0%         4d7       100%        7


Dungeon Overview and Level Annotations

Branches:
Dungeon (4/15)
 Temple: D:4-7

Altars:
Ru


Innate Abilities, Weirdness & Mutations

You regenerate a little health from kills.
A meltable shield of frost defends you. (SH +4)


Message History

The hobgoblin shouts!
A necrophage comes into view.
A jelly comes into view.
The jelly quivers.
The hobgoblin hits you but does no damage.
The hobgoblin attacks as you move away! The hobgoblin barely misses you.
You hit the hobgoblin.
The hobgoblin is moderately wounded.
The jelly jiggles.
The hobgoblin hits you but does no damage.
You block the hobgoblin's attack.
You hit the hobgoblin.
The hobgoblin is severely wounded.
The hobgoblin hits you.
You closely miss the hobgoblin.
The hobgoblin is severely wounded.
The hobgoblin hits you.
You slash the hobgoblin!
You kill the hobgoblin!
You hit the jelly.
Your hands burn!
The jelly is moderately wounded.
The jelly hits you but does no damage. The jelly hits you.
The acid corrodes you!
You are splashed with acid!
You hit the jelly but do no damage.
Your hands burn!
The jelly is moderately wounded.
The jelly hits you. The acid corrodes you!
You are splashed with acid!
You hit the jelly.
Your hands burn!
The jelly is moderately wounded.
You block the jelly's attack.
You are too injured to fight recklessly!
You hit the jelly but do no damage.
Your hands burn!
The jelly is moderately wounded.
The jelly hits you.
You are splashed with acid!
* * * LOW HITPOINT WARNING * * *
The jelly barely misses you. The jelly attacks as you move away!
The jelly completely misses you. The jelly attacks as you move away!
The jelly hits you.
* * * LOW HITPOINT WARNING * * *
You are splashed with acid!
You die...

......n†....# #
..#######...##..#
#...##n......#
#............#
.#########...#+#####..#
........##).n# .#
........##...# #
............J#
............@#
.......).....#
.##.....##..##
#.....##..#######
#...............#
#...............#
#.....##........#
###+####<.......# ..
#........†......# r###


You could see a necrophage and a jelly.

Vanquished Creatures
  3 gnolls (D:2)
  3 adders
  5 worms
  A dart slug (D:3)
  17 orcs (D:3)
  7 ball pythons
  4 endoplasms
  4 giant cockroaches
  11 goblins
  10 hobgoblins
  3 kobolds
  6 bats
  8 frilled lizards
  7 rats
89 creatures vanquished.

Notes
Turn   | Place    | Note
-------+----------+-------------------------------------------
     0 | D:1      | BritishOli the Demonspawn Fighter began the quest for the
                  | Orb.
     0 | D:1      | Reached XP level 1. HP: 18/18 MP: 1/1
   266 | D:1      | Gained mutation: A meltable shield of frost defends you.
                  | (SH +4) [demonic ancestry]
   266 | D:1      | Reached XP level 2. HP: 19/24 MP: 2/2
   956 | D:1      | Gained mutation: You regenerate a little health from kills.
                  | [demonic ancestry]
   956 | D:1      | Reached XP level 3. HP: 27/29 MP: 3/3
  1568 | D:2      | Reached XP level 4. HP: 36/36 MP: 4/4
  1602 | D:2      | Got the Cyclopedia of Transforming Conjury
  1627 | D:2      | Found a faded altar of an unknown god.
  1734 | D:2      | Got the Secrets of Boreal Outbursts
  2271 | D:2      | Found a sacrificial altar of Ru.
  2889 | D:3      | Reached XP level 5. HP: 37/42 MP: 3/5
  3485 | D:4      | Noticed a black bear
  3552 | D:3      | Reached skill level 4 in Fighting
  3865 | D:4      | Splashed by a jelly's acid

Illustrated notes

Levels and vault maps discovered:
D:1:      mrwooster_arrival_statue_3, layout_basic
D:2:      layout_basic, hellmonk_ecumenical_altar_zigzags, basic_altar,
          chequers_serial_rivers_small_a
D:3:      layout_loops_ring, guppyfry_early_orc_mine
D:4:      layout_gridville, nicolae_sif_muna_little_library, vehumet_crystals

Skill      XL: |  1  2  3  4  5 |
---------------+----------------+-----
Long Blades    | 2 |  2.9
Armour         | 3 |  3.6
Shields        | 3 |  3.5
Fighting       | 4 |  4.0

Action                   |  1- 3 |  4- 6 || total
-------------------------+-------+-------++-------
Melee: Long sword        |   134 |   214 ||   348
Armor: Scale mail        |    57 |    68 ||   125
Dodge: Dodged            |    55 |    79 ||   134
Block: Buckler           |    67 |    98 ||   165

Table legend: (Time is in decaauts)
 A = Elapsed time spent in this place.
 B = Non-inter-level travel time spent in this place.
 C = Inter-level travel time spent in this place.
 D = Time resting spent in this place.
 E = Time spent auto-exploring this place.
 F = Levels seen in this place.
 G = Mean time per level.
                   A        B        C        D        E       F      G
               +--------+--------+--------+--------+--------+-----+--------+
         Total |   3979 |   3874 |    105 |    437 |   2705 |   4 |  994.8 |
       Dungeon |   3979 |   3874 |    105 |    437 |   2705 |   4 |  994.8 |
               +--------+--------+--------+--------+--------+-----+--------+

Top non-repeatable levels by time:
     D:2: 1380 daAuts
     D:3: 1249 daAuts
     D:1: 1229 daAuts
     D:4: 119 daAuts
